 Dungeon Crawl Stone Soup version 0.17-a0-2093-gc772f4b (webtiles) character file.

278 ololoev the Skirmisher (level 6, 17/48 HPs)
             Began as a Demonspawn Fighter on Oct 16, 2015.
             Quit the game on level 5 of the Dungeon.
             The game lasted 00:02:38 (585 turns).

ololoev the Skirmisher (Demonspawn Fighter)          Turns: 585, Time: 00:02:38

Health: 17/48      AC: 12    Str: 20    XL:     6   Next: 5%
Magic:  6/6        EV: 12    Int:  7    God:
Gold:   34         SH:  9    Dex: 18    Spells: 0 memorised, 5 levels left

rFire  . . .     SeeInvis .     a - +0 war axe
rCold  . . .     Clarity  .     b - +0 scale mail
rNeg   . . .     SustAt   .     c - +0 shield
rPois  .         Gourm    .     (no helmet)
rElec  .         Spirit   .     g - +0 cloak
rCorr  .         Warding  .     (no gloves)
rMut   .         Stasis   .     (no boots)
MR     .....                    (no amulet)
Stlth  ++........               (no ring)
                                (no ring)

@: agile, not resistant to hostile enchantments, unstealthy
A: claws 1, iridescent scales 1, dopey 1, nightstalker 1, powered by pain 1,
spit poison 1, strong 1
a: Spit Poison


Innate Abilities, Weirdness & Mutations

You have sharp fingernails.
You are partially covered in iridescent scales (AC +4).
You are slightly more attuned to the shadows.
You sometimes gain a little power by taking damage.
You are dopey. (Int -2)
You can spit weak poison.
Your muscles are strong. (Str +2)

Inventory:

Hand Weapons
 a - a +0 war axe (weapon)
Armour
 b - a +0 scale mail (worn)
 c - a +0 shield (worn)
 g - a +0 cloak (worn)
Scrolls
 d - a scroll of fear {unknown}
 h - a scroll of remove curse {unknown}
 j - 2 scrolls of noise {unknown}
 k - a scroll of teleportation {unknown}
 l - a scroll of identify {unknown}
Potions
 i - a potion of lignification
Comestibles
 e - 2 bread rations
 f - a meat ration
 m - 8 chunks of flesh


   Skills:
 + Level 4.2 Fighting
 * Level 4.2 Axes
 + Level 3.8 Armour
 - Level 2.6 Shields


You had 5 spell levels left.
You didn't know any spells.


You were on level 5 of the Dungeon.
You were not hungry.

You visited 1 branch of the dungeon, and saw 6 of its levels.

You collected 34 gold pieces.

+............#
#............#
#.........#+##
#.....8.....#
+...........#
#.......>.8.#
#...........#
...#+#8....+#
...#.......@#
+........#
#+###...)#
#....#
.......#
........#
..##....# ..
#....# .....#

Notes
Turn   | Place    | Note
--------------------------------------------------------------
     0 | D:1      | ololoev the Demonspawn Fighter began the quest for the Orb.
     0 | D:1      | Reached XP level 1. HP: 18/18 MP: 1/1
    67 | D:2      | Gained mutation: You sometimes gain a little power by taking damage. [demonic ancestry]
    67 | D:2      | Reached XP level 2. HP: 24/24 MP: 2/2
   182 | D:4      | Gained mutation: You can spit weak poison. [potion of mutation]
   182 | D:4      | Gained mutation: Your muscles are strong. (Str +2) [potion of mutation]
   182 | D:4      | Gained mutation: You are dopey. (Int -2) [potion of mutation]
   193 | D:4      | Gained mutation: You are partially covered in iridescent scales (AC +4). [demonic ancestry]
   193 | D:4      | Reached XP level 3. HP: 13/29 MP: 3/3
   194 | D:4      | Reached XP level 4. HP: 15/35 MP: 4/4
   532 | D:5      | Entered Level 5 of the Dungeon
   541 | D:5      | Gained mutation: You have sharp fingernails. [demonic ancestry]
   541 | D:5      | Reached XP level 5. HP: 28/42 MP: 5/5
   551 | D:5      | Reached skill level 4 in Fighting
   569 | D:5      | Noticed an ogre
   579 | D:5      | Killed an ogre
   579 | D:5      | Gained mutation: You are slightly more attuned to the shadows. [demonic ancestry]
   579 | D:5      | Reached XP level 6. HP: 16/48 MP: 6/6
   585 | D:5      | Quit the game

Dungeon Overview and Level Annotations

Branches:
Dungeon (6/15)
 Temple: D:4-7

Altars:


Message History

You hit the ogre.
The ogre is lightly wounded.
The ogre hits you but does no damage.
You hit the ogre.
The ogre is moderately wounded.
The ogre hits you with a giant spiked club!!
You focus on the pain.
You feel agile all of a sudden.
You hit the ogre.
The ogre is moderately wounded.
You block the ogre's attack.
You hit the ogre.
The ogre is heavily wounded.
The ogre misses you.
You hit the ogre.
The ogre is heavily wounded.
The ogre barely misses you.
You barely miss the ogre.
The ogre is heavily wounded.
You block the ogre's attack.
You hit the ogre.
The ogre is heavily wounded.
You block the ogre's attack.
You slash the ogre!
You kill the ogre!
Your Axes skill increases to level 4!
You have reached level 6!
Your experience leads to an increase in your attributes!
Your base attributes are Str 17, Int 9, Dex 13.
Increase (S)trength, (I)ntelligence, or (D)exterity?
You feel stronger.
Your demonic ancestry asserts itself...
You slip into the darkness of the dungeon.
Things that are here:
a giant spiked club; an ogre corpse You butcher the ogre corpse.
m - 8 chunks of flesh (gained 6)
Things that are here:
a giant spiked club; an ogre skeleton
There is a stone staircase leading down here.
Are you sure you want to abandon this character and quit the game? (Confirm with "yes".)

There were no monsters in sight!

Vanquished Creatures
  An ogre (D:5)
  A scorpion (D:5)
  An orc priest (D:4)
  2 orc wizards (D:4)
  A jelly (D:5)
  2 adders (D:2)
  3 bats (D:2)
  A giant cockroach (D:2)
  2 hobgoblins
  A kobold (D:2)
  2 quokkas
  2 rats
19 creatures vanquished.

Action                   |  1- 3 |  4- 6 || total
-------------------------+-------+-------++-------
Melee: War axe           |    41 |    21 ||    62
 Abil: Spit Poison       |     1 |       ||     1
  Use: Potion            |     3 |       ||     3

Vault maps used:
D:1:      tarquinn_simple_flora_water_a, minmay_statues_item,
          minmay_misc_feat_tower
D:2:      forest_paths
D:3:      uniq_robin, uniq_crazy_yiuf_cottage
D:4:      temple_statues, first_bread
D:5:      overflow_temple_1_default, minitemple, serial_shops, shop,
          grunt_ministairs_1, uniq_duvessa
D:6:      ashenzari_conservatory_becter, nicolae_overflow_crystal_walls,
          serial_park_tiny_2, uniq_blork_the_orc, uniq_sigmund, uniq_grinder
